 Dungeon Crawl Stone Soup version 0.22-a0-587-g7d32d7c (webtiles) character file.

26 sking99 the Ruffian (level 2, -5/23 HPs)
             Began as a Draconian Transmuter on July 4, 2018.
             Slain by an iguana (12 damage)
             ... on level 2 of the Dungeon.
             The game lasted 00:01:44 (804 turns).

sking99 the Ruffian (Draconian Transmuter)           Turns: 804, Time: 00:01:44

Health: -5/23      AC:  4    Str: 12    XL:     2   Next: 89%
Magic:  5/5        EV: 12    Int: 13    God:
Gold:   35         SH:  0    Dex: 11    Spells: 4/5 levels left

rFire    . . .     SeeInvis .     - Unarmed
rCold    . . .     Gourm    .   (no shield)
rNeg     . . .     Faith    .   (armour unavailable)
rPois    .         Spirit   .   (helmet restricted)
rElec    .         Reflect  .   (no cloak)
rCorr    .         Harm     .   (no gloves)
MR       .....                  (no boots)
Stlth    +.........             (no amulet)
HPRegen  0.07/turn              (no ring)
MPRegen  0.09/turn              (no ring)

@: no status effects
A: unfitting armour, cold-blooded, AC +4
a: no special abilities


You were on level 2 of the Dungeon.
You were not hungry.

You visited 1 branch of the dungeon, and saw 2 of its levels.

You collected 35 gold pieces.

Inventory:

Missiles
 a - 42 arrows
Scrolls
 b - a scroll of noise {unknown}
 e - 2 scrolls of identify {unknown}
 h - a scroll of teleportation {unknown}
 j - a scroll of remove curse {unknown}
 k - a scroll of enchant weapon {unknown}
Potions
 f - a potion of invisibility {unknown}
 g - a potion of heal wounds {unknown}
 i - a potion of might {unknown}
 l - a potion of curing {unknown}
Comestibles
 c - 4 rations
 d - a chunk of flesh


   Skills:
 - Level 1.1 Fighting
 - Level 1.7 Dodging
 - Level 0.3 Stealth
 + Level 4.1 Unarmed Combat
 - Level 2.0 Spellcasting
 - Level 2.0 Transmutations


You had 4 spell levels left.
You knew the following spells:

 Your Spells              Type           Power        Failure   Level  Hunger
a - Beastly Appendage     Tmut           #.....       11%         1    ##.....

Your spell library contained the following spells:

 Spells                   Type           Power        Failure   Level  Hunger
 Spider Form              Tmut/Pois      #.........   45%         3    ####...
 Blade Hands              Tmut           #.........   97%         5    ######.
 Ice Form                 Ice/Tmut       #.......     86%         4    #####..
 Sticks to Snakes         Tmut           #.......     17%         2    ###....


Dungeon Overview and Level Annotations

Branches:
Dungeon (2/15)

Altars:
Nemelex Xobeh


Innate Abilities, Weirdness & Mutations

Your plain brown scales are hard. (AC +4)
You cannot fit into any form of body armour.
You are cold-blooded and may be slowed by cold attacks.


Message History

The iguana is moderately wounded.
The iguana bites you!
You closely miss the iguana.
The iguana is moderately wounded.
The iguana closely misses you.
You hit the iguana.
The iguana is heavily wounded.
The iguana barely misses you.
You hit the iguana.
The iguana is severely wounded.
The iguana bites you!
* * * LOW HITPOINT WARNING * * *
You see here a ration.
Some of the chunks of flesh in your inventory have rotted away.
Press: ? - help, v - describe, . - travel
Here: an iguana (severely wounded)
The floor.
The iguana bites you!
Ouch! That really hurt!
You die...

#......# #.#.#.# #......#
#.#.#.# #......####.#.#_#
#####.............#.# #
#.............#.###.##
#.#.###########.#.#.....
##.#.#.#.........#.#.#.#.##
........>.#######.#.#.#.#.#
..#.#.#....@l...........#.#
#.##..#.#####<#.#.#...#
#.......# ###.#.#.####
#.......# #.#.#.....
#.......# #.#.######
###.....# #.#.###### #
#.......# #.#.......
#..###.#.## #.########
..........# #.########


You could see an iguana.

Vanquished Creatures
  A dart slug (D:1)
  2 leopard geckos (D:1)
  2 bats (D:1)
  2 goblins (D:1)
  5 hobgoblins
  3 frilled lizards
  3 kobolds (D:1)
  4 rats
22 creatures vanquished.

Notes
Turn   | Place    | Note
-------+----------+-------------------------------------------
     0 | D:1      | sking99 the Draconian Transmuter began the quest for the Orb.
     0 | D:1      | Reached XP level 1. HP: 16/16 MP: 3/3
   115 | D:1      | Reached XP level 2. HP: 21/23 MP: 5/5
   389 | D:1      | Reached skill level 4 in Unarmed Combat
   530 | D:2      | Found a sparkling altar of Nemelex Xobeh.
   731 | D:2      | HP: 1/23 [iguana (7)]
   804 | D:2      | Slain by an iguana

Vault maps used:
D:1:      lemuel_arrival_lava_pool
D:2:      overflow_temple_1_default, grunt_temple_overflow_open, first_ration

Skill      XL: |  1  2 |
---------------+-------+-----
Unarmed Combat | 4 |  4.1
Fighting       | |  1.1
Dodging        | |  1.7
Stealth        | |  0.3
Spellcasting   | |  2.0
Transmutations | |  2.0

Action                   || total
-------------------------++-------
Melee: Unarmed           ||    75
       Tailslap          ||     6
Armor: Skin              ||    25
Dodge: Dodged            ||    38

Table legend:
 A = Spawn XP
 B = Non-spawn XP
 C = Spawn XP percentage of total XP
 D = Spawn monster count
 E = Non-spawn monster count
 F = Spawn count percentage of total count
 G = Total turns spent on level
                    A         B        C        D         E        F      G
               +---------+---------+-------+---------+---------+-------+---------
         Total |       0 |      38 |   0.0 |       0 |      22 |   0.0 |   804
               +---------+---------+-------+---------+---------+-------+---------
           D:1 |       0 |      34 |   0.0 |       0 |      19 |   0.0 |   516
           D:2 |       0 |       4 |   0.0 |       0 |       3 |   0.0 |   288
               +---------+---------+-------+---------+---------+-------+---------
